 Dungeon Crawl Stone Soup version 0.21.1-1-g345015fe64 (console) character file.

492 Kloppie the Ruffian (level 6, -2/65 HPs)
             Began as a Troll Fighter on Apr 28, 2018.
             Slain by an orc
             ... wielding a +0 mace
              (5 damage)
             ... on level 3 of the Dungeon.
             The game lasted 00:03:09 (2092 turns).

Kloppie the Ruffian (Troll Fighter)                 Turns: 2092, Time: 00:03:10

Health: -2/65      AC:  5    Str: 25    XL:     6   Next: 91%
Magic:  5/5        EV: 10    Int:  4    God:
Gold:   127        SH:  0    Dex: 11    Spells: 5/5 levels left

rFire    . . .     SeeInvis .     - Unarmed
rCold    . . .     Gourm    +   (no shield)
rNeg     . . .     Faith    .   a - +0 robe
rPois    .         Spirit   .   (helmet restricted)
rElec    .         Reflect  .   (no cloak)
rCorr    .         Harm     .   (gloves unavailable)
MR       .....                  (boots unavailable)
Stlth    +.........             (no amulet)
HPRegen  0.60/turn              (no ring)
MPRegen  0.09/turn              (no ring)

@: lethally poisoned (-2 -> -3)
A: large, unfitting armour, claws 3, fast metabolism 3, gourmand, regeneration
1, shaggy fur 1, tough skin 2
a: no special abilities


You were on level 3 of the Dungeon.
You were completely stuffed.

You visited 1 branch of the dungeon, and saw 3 of its levels.

You collected 127 gold pieces.

Inventory:

Armour
 a - a +0 robe (worn)
 b - a +0 shield
Wands
 k - a wand of flame (26)
Scrolls
 c - a scroll of remove curse
 f - 2 scrolls of enchant weapon {unknown}
 h - a scroll of fog {unknown}
 m - a scroll of noise {unknown}
 n - a scroll of immolation {unknown}
Potions
 g - a potion of berserk rage
 j - a potion of brilliance
 l - 2 potions of flight
 o - a potion of lignification {unknown}
 p - 2 potions of degeneration {unknown}
 q - a potion of ambrosia {unknown}
Comestibles
 d - 7 rations
 r - 26 chunks of flesh


   Skills:
 + Level 4.9 Fighting
 - Level 2.4 Dodging
 - Level 2.4 Shields
 + Level 5.4 Unarmed Combat


You had 5 spell levels left.
You didn't know any spells.

Dungeon Overview and Level Annotations

Branches:
Dungeon (3/15)

Altars:
Ashenzari


Innate Abilities, Weirdness & Mutations

You are too large for most types of armour.
You have claws for hands.
Your metabolism is lightning-fast.
You like to eat raw meat.
Your natural rate of healing is unusually fast.
You are covered in fur. (AC +1)
You have very tough skin. (AC +2)


Message History

The kobold hits you but does no damage.
Items here: )) [[ †† You claw the orc priest!
The orc priest is almost dead.
You feel sick.
The dart slug struggles against the net.
The orc hits you but does no damage. The kobold hits you but does no damage.
The orc priest hits you with a hand axe of freezing.
* * * LOW HITPOINT WARNING * * *
The orc priest freezes you.
* * * LOW HITPOINT WARNING * * *
You claw the orc priest!
You kill the orc priest!
The kobold hits you but does no damage.
The dart slug struggles against the net.
You closely miss the orc.
You feel sick. The orc hits you with a mace!
* * * LOW HITPOINT WARNING * * *
The kobold hits you but does no damage.
You closely miss the orc.
You feel sick. The orc hits you with a mace.
You die...

#........#...........
.....#.
#......###......#.#
.....#
#......'......#.#.#.
#......##...........
#......#####..##...
........# #...##
......... ##...#
......... #.o.+
.........# #@K.#
....##.......)..#
.... ##.#.......#
+.........
#..<.w..### #......##
.......# ........#


You could see a dart slug (caught), an orc and a kobold.

Vanquished Creatures
  Sigmund (D:2)
  The ghost of Tegun the Chucker, an amateur NaHu (D:3)
  An orc priest (D:3)
  A bullfrog skeleton (D:3)
  Terence (D:2)
  2 adders (D:2)
  4 gnolls (D:3)
  4 worms
  3 dart slugs
  3 leopard geckos
  5 orcs (D:3)
  2 ball pythons
  5 giant cockroaches
  8 goblins
  7 hobgoblins
  9 kobolds
  3 quokkas
  10 bats
  5 frilled lizards
  6 rats
81 creatures vanquished.

Notes
Turn   | Place    | Note
-------+----------+-------------------------------------------
     0 | D:1      | Kloppie the Troll Fighter began the quest for the Orb.
     0 | D:1      | Reached XP level 1. HP: 22/22 MP: 0/0
   152 | D:1      | Reached XP level 2. HP: 26/29 MP: 1/1
   949 | D:2      | Noticed Terence
   955 | D:2      | Killed Terence
   955 | D:2      | Reached skill level 3 in Unarmed Combat
   955 | D:2      | Reached XP level 3. HP: 37/37 MP: 2/2
  1097 | D:2      | Reached XP level 4. HP: 45/45 MP: 3/3
  1252 | D:2      | Found a shattered altar of Ashenzari.
  1338 | D:2      | Noticed Sigmund
  1355 | D:2      | Killed Sigmund
  1355 | D:2      | Reached skill level 4 in Unarmed Combat
  1355 | D:2      | Reached XP level 5. HP: 31/54 MP: 4/4
  1836 | D:3      | Reached XP level 6. HP: 43/62 MP: 5/5
  1860 | D:3      | Noticed Tegun's ghost (amateur NaHu)
  1868 | D:3      | Killed Tegun's ghost
  1868 | D:3      | Reached skill level 5 in Unarmed Combat
  2091 | D:3      | HP: 3/65 [orc/mace (7)]
  2092 | D:3      | Slain by an orc

Skill      XL: |  1  2  3  4  5  6 |
---------------+-------------------+-----
Fighting       | 3 4 |  4.9
Unarmed Combat | 3 4 5 |  5.4
Dodging        | |  2.4
Shields        | |  2.4

Action                   |  1- 3 |  4- 6 || total
-------------------------+-------+-------++-------
Melee: Unarmed           |    63 |   145 ||   208
       Punch             |     2 |     4 ||     6
Throw: Throwing net      |       |     1 ||     1
  Use: Potion            |       |     1 ||     1
       Scroll            |       |     4 ||     4
 Stab: Sleeping          |     2 |       ||     2
  Eat: Chunk             |    15 |    10 ||    25
Armor: Robe              |    27 |    49 ||    76
Dodge: Dodged            |    39 |    65 ||   104
